Map: Lerilak Crest

Players

呆萌萌的易丕

  • Race: Terran Terran
  • League: Gold

Javert - Winner!

  • Race: Zerg Zerg
  • League: Gold

VOD

Have the link to the VOD?

Description

Time

  • Played on: Sept. 14, 2015, 1:43 a.m.
  • Length: 9:02
Show
View Real Time Build Order
Export as new Build Order

呆萌萌的易丕 Terran 

Build Orders:  

Get SALT Encoding   

  12  0:01  SCV  
  13  0:13  SCV  
  14  0:20  Supply Depot  
  14  0:28  SCV  
  15  0:41  SCV  
  16  0:48  Barracks  
  16  0:53  SCV  
  17  0:58  Refinery  
  17  1:18  SCV  
  18  1:32  Command Center  
  18  1:38  Orbital Command  
  18  2:06  SCV  
  19  2:12  Factory  
  19  2:43  SCV  
  20  2:44  Barracks Reactor  
  20  2:46  Orbital Command  
  20  2:53  Refinery, Barracks x2  
  20  2:55  SCV  
  21  3:00  Starport  
  21  3:07  SCV  
  22  3:15  SCV  
  22  3:19  SCV  
  25  3:27  SCV  
  25  3:31  SCV, Barracks Tech Lab  
  25  3:32  Hellion x2  
  30  3:39  SCV  
  30  3:45  Barracks Reactor  
  26  4:57  SCV x2  
  28  5:09  SCV x2  
  28  5:12  Hellion x2  
  28  5:13  Barracks Reactor, Stimpack  
  34  5:14  Marine x2  
  34  5:15  Starport Reactor  
  34  5:17  Marauder  
  34  5:21  Refinery  
  38  5:22  Supply Depot x2  
  38  5:26  SCV  
  38  5:28  SCV  
  40  5:32  Marine x2  
  40  5:33  Hellion x2  
  46  5:43  SCV x2  
  46  5:44  Marauder  
  50  5:54  Hellion  
  50  5:56  SCV  
  53  5:59  Hellion, Marine x2  
  53  6:00  Marine  
  53  6:03  SCV  
  59  6:04  Supply Depot x2  
  59  6:05  Marauder  
  59  6:08  SCV  
  62  6:13  Medivac  
  62  6:15  Armory  
  64  6:20  SCV  
  64  6:23  Marine x2  
  64  6:24  Marine  
  68  6:28  SCV  
  68  6:29  Marine  
  68  6:30  Marauder  
  70  6:34  SCV  
  63  6:49  SCV  
  63  6:50  Marine  
  63  6:51  Marauder  
  62  7:01  SCV x2  
  63  7:03  Marine  
  65  7:11  Barracks  
  65  7:13  SCV, Marauder  
  65  7:14  Barracks  
  68  7:21  SCV  
  48  7:32  Hellion x2  
  48  7:33  Marine  
  48  7:34  Marauder, Marine x3  
  55  7:39  SCV  
  46  7:55  SCV, Marauder  
  46  7:58  SCV  
  44  8:03  Marine  
  29  8:07  SCV  
  29  8:10  SCV, Barracks Tech Lab  
  29  8:11  Barracks Tech Lab  
  22  8:17  Hellion x2, Marauder  
  22  8:19  SCV  
Show
View Real Time Build Order
Export as new Build Order

Javert Zerg - Winner!

Build Orders: Hatch First 

Get SALT Encoding   

  12  0:01  Drone  
  13  0:14  Overlord  
  13  0:18  Drone  
  14  0:34  Drone x2  
  16  0:41  Drone  
  17  0:53  Hatchery  
  16  0:57  Drone  
  16  1:02  Drone, Extractor  
  17  1:10  Drone  
  18  1:23  Spawning Pool  
  18  1:24  Drone  
  18  1:30  Drone  
  19  1:41  Drone  
  20  1:52  Drone  
  21  2:02  Overlord  
  21  2:11  Queen x2  
  21  2:12  Metabolic Boost  
  21  2:15  Zergling x4  
  27  2:21  Overlord  
  27  2:24  Drone  
  28  2:38  Drone x3  
  31  2:50  Queen  
  33  2:54  Drone x2  
  33  2:55  Queen  
  37  3:10  Drone x3  
  37  3:11  Drone, Roach Warren  
  40  3:36  Drone x4  
  44  3:53  Overlord  
  43  4:01  Overlord  
  43  4:08  Overlord  
  42  4:10  Overlord x2  
  42  4:11  Lair  
  42  4:16  Overlord x2  
  42  4:22  Extractor  
  45  4:24  Roach x5  
  45  4:25  Roach x2  
  45  4:31  Hatchery  
  54  4:41  Baneling Nest, Roach  
  55  4:54  Drone  
  55  4:55  Drone x10, Extractor  
  55  4:56  Extractor  
  64  5:09  Overlord  
  64  5:14  Overlord  
  64  5:26  Overseer  
  64  5:31  Drone x7, Centrifical Hooks  
  71  5:40  Overlord x2  
  71  5:47  Zergling x8  
  71  5:48  Zergling x4  
  71  5:49  Glial Reconstitution  
  77  6:02  Zergling x12  
  83  6:13  Zergling x2  
  83  6:14  Zergling x2  
  83  6:16  Baneling x7  
  85  6:29  Zergling x2  
  85  6:30  Zergling x20  
  91  7:00  Roach  
  91  7:01  Roach x10  
  113  7:14  Overlord  
  92  7:37  Roach  
  92  7:38  Roach x11  
  115  7:50  Baneling x2  
  115  7:51  Baneling  
  112  7:56  Roach  
  112  7:57  Roach x7  
  123  8:00  Drone  
  113  8:24  Roach  
  113  8:25  Roach x10  
  134  8:36  Overlord x2  
  134  8:37  Drone x2  
  134  8:38  Drone x2  
  134  8:53  Evolution Chamber  
  134  8:54  Spire  
  134  8:56  Evolution Chamber  
Tags
 
Add a new tag
Caveats
  • Supply blocks, unpowered buildings, or Contaminate may cause inaccurate times.
  • Supply counts are checked every 10 seconds.